 Dungeon Crawl Stone Soup version 0.27-a0-797-g27d10ad80f (webtiles) character file.

Game seed: 423520567368047204

42333 polve the Peltast (level 13, 0/96 HPs)
             Began as a Demonspawn Abyssal Knight on Mar 27, 2021.
             Was the Champion of Lugonu.
             Killed from afar by a molten gargoyle (23 damage)
             ... with a bolt of magma
             ... on level 6 of the Lair of Beasts.
             The game lasted 00:30:11 (15841 turns).

polve the Peltast (Demonspawn Abyssal Knight)      Turns: 15841, Time: 00:30:12

Health: 0/96       AC: 19    Str: 21    XL:     13   Next: 84%
Magic:  19/19      EV: 13    Int: 18    God:    Lugonu [******]
Gold:   690        SH: 16    Dex: 13    Spells: 11/16 levels left

rFire    . . .     SeeInvis +   a - +3 demon blade (vamp)
rCold    . . .     Faith    .   C - +2 kite shield
rNeg     . . .     Spirit   .   x - +5 steam dragon scales
rPois    .         Reflect  .   e - +2 helmet {SInv}
rElec    .         Harm     .   A - scarf {repulsion}
rCorr    .         Rampage  .   j - +0 pair of gloves
Will     .....                  I - +0 pair of boots
Stlth    +.........             (no amulet)
HPRegen  1.26/turn              F - +6 ring of strength
MPRegen  0.16/turn              (no ring)

@: repel missiles
A: talons 1, thin metallic scales 2, demonic guardian 2, powered by pain 2,
regeneration 1, strong 1
a: Renounce Religion, Depart the Abyss, Bend Space, Banish, Corrupt, Enter the
Abyss, Brand Weapon With Distortion


You were on level 6 of the Lair of Beasts.
You worshipped Lugonu.
Lugonu was exalted by your worship.
You visited 2 branches of the dungeon, and saw 15 of its levels.
You visited the Abyss 1 time.
You also visited: Ossuary.

You collected 1296 gold pieces.
You spent 606 gold pieces at shops.

Inventory:

Hand Weapons
 a - a +3 vampiric demon blade (weapon)
 b - the +10 falchion "Leceonki" {freeze, rElec rF+}
   (You found it on level 6 of the Dungeon)

   It has been specially enchanted to freeze those struck by it, causing extra
   injury to most foes and up to half again as much damage against particularly
   susceptible opponents.
   It can also slow down cold-blooded creatures.
   It protects you from fire.
   It insulates you from electricity.
 w - a +2 rapier of venom
Armour
 e - a +2 helmet of see invisible (worn)
 j - a +0 pair of gloves (worn)
 t - a scarf of resistance
 x - +5 steam dragon scales (worn)
 A - a scarf of repulsion (worn)
 C - a +2 kite shield (worn)
 I - a +0 pair of boots (worn)
Jewellery
 F - a +6 ring of strength (left hand)
Wands
 h - a wand of acid (18)
 s - a wand of digging (4)
 v - a wand of random effects (10)
 y - a wand of paralysis (12)
 K - a wand of flame (30)
 N - a wand of iceblast (8)
Scrolls
 d - 4 scrolls of magic mapping
 g - 2 scrolls of vulnerability
 k - a scroll of silence
 l - 3 scrolls of summoning
 m - 4 scrolls of teleportation
 n - a scroll of torment {unknown}
 r - 2 scrolls of fear
 u - 2 scrolls of blinking
 G - 2 scrolls of fog
 H - 3 scrolls of amnesia
 L - 2 scrolls of immolation {unknown}
Potions
 c - 3 potions of lignification
 f - 4 potions of flight
 i - 2 potions of heal wounds
 o - 4 potions of might
 p - 6 potions of curing
 q - 4 potions of brilliance
 z - 2 potions of invisibility
 B - a potion of cancellation
 D - 12 potions of ambrosia
 E - a potion of haste
 J - 2 potions of magic


   Skills:
 - Level 7.2 Fighting
 + Level 11.6 Long Blades
 - Level 4.8 Armour
 - Level 4.5 Dodging
 - Level 15.0 Shields
 - Level 2.0 Spellcasting
 - Level 2.0 Transmutations
 - Level 2.0 Air Magic
 - Level 2.0 Poison Magic
 - Level 8.0 Invocations


You had 11 spell levels left.
You knew the following spells:

 Your Spells              Type           Power      Damage    Failure   Level
a - Wereblood             Tmut           9%         N/A       12%         2
b - Swiftness             Air            9%         N/A       12%         2
c - Sting                 Tmut/Pois      36%        1d4       8%          1

Your spell library contained the following spells:

 Spells                   Type           Power      Damage    Failure   Level
 Beastly Appendage        Tmut           18%        N/A       8%          1
 Shock                    Conj/Air       20%        1d4       12%         1
 Poisonous Vapours        Pois/Air       18%        N/A       12%         2
 Animate Skeleton         Necr           2%         N/A       19%         1
 Apportation              Tloc           2%         N/A       19%         1
 Corona                   Hex            1%         N/A       19%         1
 Magic Dart               Conj           4%         1d3       19%         1
 Sandblast                Erth           2%         2d4       19%         1
 Summon Small Mammal      Summ           4%         N/A       19%         1
 Passwall                 Tmut/Erth      4%         N/A       19%         2
 Spider Form              Tmut/Pois      4%         N/A       24%         3
 Blink                    Tloc           N/A        N/A       26%         2
 Call Imp                 Summ           1%         N/A       26%         2
 Searing Ray              Conj           2%         3d3       26%         2
 Slow                     Hex            1%         N/A       26%         2
 Ignite Poison            Fire/Tmut/Pois 6%         N/A       32%         3
 Mephitic Cloud           Conj/Pois/Air  6%         N/A       32%         3
 Static Discharge         Conj/Air       5%         N/A       34%         3
 Conjure Flame            Conj/Fire      1%         6-21      47%         3
 Dazzling Flash           Conj/Hex       2%         N/A       47%         3
 Stone Arrow              Conj/Erth      2%         3d7       47%         3
 Airstrike                Air            4%         N/A       61%         4
 Olgreb's Toxic Radiance  Pois           9%         N/A       61%         4
 Ice Form                 Ice/Tmut       5%         N/A       75%         4
 Petrify                  Tmut/Erth      5%         N/A       75%         4
 Cause Fear               Hex            0%         N/A       87%         4
 Fulminant Prism          Conj/Hex       0%         3d6       87%         4
 Iskenderun's Mystic Bla  Conj/Tloc      1%         2d3       87%         4
 Blade Hands              Tmut           4%         N/A       91%         5
 Lightning Bolt           Conj/Air       2%         1d14      97%         5
 Silence                  Hex/Air        2%         N/A       97%         5
 Yara's Violent Unravell  Hex/Tmut       2%         3d3       97%         5
 Lee's Rapid Deconstruct  Erth           0%         3d5*      99%         5
 Discord                  Hex            0%         N/A       100%        8


Dungeon Overview and Level Annotations

Branches:
Dungeon (9/15)             Temple (0/1) D:6            Lair (6/6) D:9
 Shoals (0/4) Lair:3       Spider (0/4) Lair:3        Slime (0/5) Lair:6
Ossuary (visited)
    Orc: D:9-12

Altars:
Cheibriados
Dithmenos
Gozag
Okawaru
Trog
Vehumet
The Shining One

Shops:
D:2 [   D:4 (   D:8 =   D:9 :*!**


Innate Abilities, Weirdness & Mutations

You have sharp toenails.
You are mostly covered in thin metallic scales. (AC +3)
A demonic guardian rushes to your aid.
You sometimes gain power by taking damage.
Your natural rate of healing is unusually fast.
Your muscles are strong. (Str +2)


Message History

You barely miss the molten gargoyle.
The molten gargoyle is moderately damaged.
The molten gargoyle hits you but does no damage.
You block the molten gargoyle's attack.
You hit the molten gargoyle but do no damage.
The molten gargoyle is moderately damaged.
The molten gargoyle hits you but does no damage.
The molten gargoyle hits you with a +0 mace.
You are engulfed in flames!
You barely miss the molten gargoyle.
The molten gargoyle is moderately damaged.
You slice the molten gargoyle!!
The molten gargoyle is almost destroyed.
You block the molten gargoyle's attack.
The molten gargoyle blasts magma at you!
The bolt of magma hits you!
You are too injured to fight recklessly!
You are too injured to fight recklessly!
You are too injured to fight recklessly!
You are too injured to fight recklessly!
You hit the molten gargoyle.
The molten gargoyle is almost destroyed.
You block the molten gargoyle's attack.
The molten gargoyle blasts magma at you!
The bolt of magma hits you!
You barely miss the molten gargoyle.
The molten gargoyle is almost destroyed.
You barely miss the molten gargoyle.
The molten gargoyle is almost destroyed.
You block the molten gargoyle's attack. The molten gargoyle misses you.
You hit the molten gargoyle but do no damage.
The molten gargoyle is almost destroyed.
The molten gargoyle barely misses you.
The molten gargoyle hits you with a +0 mace!!
You are engulfed in flames!
* * * LOW HITPOINT WARNING * * *
A demonic guardian appears!
The molten gargoyle blasts magma at you!
The bolt of magma hits you!!
You die...

#...(.P## ......#§≈#
........## #......#≈#.
.........# #......≈≈#
.....<...# #......≈§#
........## ##.....#§§##
.......#####......#≈§§##
.......#.#....†....#≈≈§≈
........#†.....†99...§§§
≈≈...##..###...†@.9..§.§
≈≈≈≈..#### ####4........
≈≈≈≈...#.### ##≈≈≈≈....
≈≈≈≈≈..†...# ###≈≈≈≈..
≈≈≈≈≈.#...##### ##≈≈§.
≈≈≈≈≈≈≈#..##P.# ≈≈≈≈ #
≈≈≈≈.≈≈#..###.## ##8 ###
≈≈≈≈.###..##...# ####..
≈≈≈.≈###..#....###
#####.....


You could see 3 molten gargoyles and a friendly ice devil (summoned).

Vanquished Creatures
  A fire dragon (D:9)
  A centaur warrior (D:9)
  An alligator (Lair:6)
  6 death yaks
  A tengu warrior (D:9)
  A deep elf pyromancer (D:9)
  9 elephants
  A manticore (Lair:3)
  3 black mambas
  8 komodo dragons
  7 cane toads
  2 rime drakes
  A queen bee (Lair:2)
  A polar bear (Lair:3)
  A troll (D:9)
  A wind drake (Lair:3)
  A hornet (Lair:3)
  14 blink frogs
  7 wyverns
  Sigmund (D:2)
  4 basilisks
  52 yaks
  5 steam dragons
  A vampire mosquito (D:9)
  14 water moccasins
  3 ice beasts
  5 black bears
  An orc warrior (D:8)
  3 sky beasts
  4 ogres
  A phantom (D:5)
  5 wolves
  3 kobold brigands
  16 bullfrogs
  10 scorpions
  A wyvern skeleton (D:7)
  A water moccasin skeleton (D:4)
  28 killer bees
  9 wights (D:8)
  3 howler monkeys (D:7)
  A lava snake (Lair:6)
  A centaur zombie (D:5)
  2 orc priests
  3 hounds
  A jelly (D:4)
  A gnoll shaman (D:6)
  Jessica (D:2)
  5 orc wizards
  Terence (D:3)
  5 iguanas
  A killer bee zombie (D:8)
  A centaur simulacrum (D:9)
  A hound skeleton (D:4)
  7 mummies (Ossuary)
  3 howler monkey zombies
  8 adders
  5 gnolls (D:6)
  A white imp (D:7)
  2 ufetubi
  An adder skeleton (D:5)
  3 worms
  2 dart slugs (D:2)
  13 orcs
  7 endoplasms
  5 giant cockroaches
  2 gnoll zombies (Ossuary)
  10 goblins
  13 hobgoblins
  9 jackals
  3 quokkas
  4 ball pythons
  8 bats
  3 frilled lizards
  A hobgoblin zombie (Ossuary)
  19 kobolds
  2 kobold zombies (Ossuary)
  3 orc zombies (Ossuary)
  3 rats
398 creatures vanquished.

Vanquished Creatures (collateral kills)
  An elephant (Lair:5)
  A black mamba (Lair:6)
  A cane toad (Lair:2)
  A torpor snail (Lair:6)
  4 blink frogs
  5 yaks
  A hell hound (Lair:6)
  An ogre (D:6)
  A mummy (Ossuary)
  An ufetubus (D:6)
  An orc (D:5)
18 creatures vanquished.

Vanquished Creatures (others)
  An elephant (Lair:6)
  A wyvern (Lair:6)
  A kobold (D:8)
  26 fungi
  52 plants
81 creatures vanquished.

Grand Total: 497 creatures vanquished

Notes
Turn   | Place    | Note
-------+----------+-------------------------------------------
     0 | Abyss:1  | polve the Demonspawn Abyssal Knight began the quest for the
                  | Orb.
     0 | Abyss:1  | Reached XP level 1. HP: 18/18 MP: 2/2
    21 | Abyss:2  | Noticed a red devil
    29 | D:1      | Escaped the Abyss
   131 | D:1      | Gained mutation: You have sharp toenails. [demonic
                  | ancestry]
   131 | D:1      | Reached XP level 2. HP: 23/24 MP: 3/3
   442 | D:1      | Reached * piety under Lugonu
   962 | D:2      | Reached XP level 3. HP: 28/29 MP: 4/4
  1277 | D:2      | Noticed Jessica
  1295 | D:2      | Killed Jessica
  1296 | D:2      | Gained mutation: You sometimes gain a little power by
                  | taking damage. [demonic ancestry]
  1296 | D:2      | Reached XP level 4. HP: 18/35 MP: 5/5
  1646 | D:2      | Noticed Sigmund
  1670 | D:2      | Killed Sigmund
  1671 | D:2      | Reached skill level 5 in Long Blades
  1671 | D:2      | Gained mutation: You are partially covered in thin metallic
                  | scales. (AC +2) [demonic ancestry]
  1671 | D:2      | Reached XP level 5. HP: 24/41 MP: 6/6
  1826 | D:2      | Found a faded altar of an unknown god.
  2481 | D:2      | Found Xavu's Armour Boutique.
  2634 | D:3      | Noticed Terence
  2645 | D:3      | Killed Terence
  2646 | D:3      | Reached XP level 6. HP: 34/47 MP: 7/7
  2663 | D:3      | Reached ** piety under Lugonu
  4218 | D:4      | Found an iron altar of Okawaru.
  4341 | D:4      | Found Fugagguz's Antique Weapon Shoppe.
  4350 | D:4      | Reached XP level 7. HP: 45/52 MP: 8/8
  4591 | D:4      | You fall into a shaft and drop 1 floor!
  4591 | D:5      | Entered Level 5 of the Dungeon
  5070 | D:5      | Noticed a wyvern
  5078 | D:5      | Killed a wyvern
  5081 | D:5      | Reached *** piety under Lugonu
  5315 | D:5      | Gained mutation: Your muscles are strong. (Str +2) [potion
                  | of mutation]
  5315 | D:5      | Gained mutation: Your natural rate of healing is unusually
                  | fast. [potion of mutation]
  5334 | D:5      | Gained mutation: A weak demonic guardian rushes to your
                  | aid. [demonic ancestry]
  5334 | D:5      | Reached XP level 8. HP: 41/58 MP: 9/9
  5714 | D:5      | Reached skill level 5 in Invocations
  6061 | D:6      | Found a staircase to the Ecumenical Temple.
  6133 | D:6      | Identified the +3 spear of Urghuq {freeze, Fragile rElec
                  | rF++ rC+}
  6151 | D:6      | Reached skill level 1 in Dodging
  6263 | D:6      | Reached XP level 9. HP: 45/65 MP: 15/15
  6291 | D:6      | Identified the +10 falchion "Leceonki" {freeze, rElec rF+}
  6864 | D:4      | Bought a runed demon blade for 324 gold pieces
  7214 | D:7      | Reached **** piety under Lugonu
  7721 | D:8      | Found Haubyttu's Jewellery Shoppe.
  7798 | D:8      | Found a sand-covered staircase.
  7806 | Ossuary  | Entered an ossuary
  8127 | D:8      | Reached skill level 5 in Fighting
  8160 | D:8      | Reached ***** piety under Lugonu
  8198 | D:8      | Gained mutation: You are mostly covered in thin metallic
                  | scales. (AC +3) [demonic ancestry]
  8198 | D:8      | Reached XP level 10. HP: 74/74 MP: 16/16
  8305 | D:8      | Found a bloodstained altar of Trog.
  8330 | D:8      | Reached skill level 10 in Long Blades
  8469 | D:8      | Found a snail-covered altar of Cheibriados.
  8471 | D:8      | Found a radiant altar of Vehumet.
  8843 | D:8      | Found an opulent altar of Gozag.
  9092 | D:9      | Found Nuin's General Store.
  9107 | D:9      | Bought a +0 helmet of see invisible for 126 gold pieces
  9242 | D:2      | Bought a scarf of repulsion for 156 gold pieces
  9399 | D:9      | Learned a level 2 spell: Wereblood
  9402 | D:9      | Learned a level 2 spell: Swiftness
  9404 | D:9      | Learned a level 1 spell: Sting
  9524 | D:9      | Reached skill level 1 in Poison Magic
  9531 | D:9      | Reached skill level 1 in Spellcasting
  9531 | D:9      | Reached skill level 1 in Transmutations
  9531 | D:9      | Reached skill level 1 in Air Magic
  9612 | D:9      | Found a staircase to the Lair.
  9630 | D:9      | Found Tiona's Distillery.
  9666 | D:9      | Noticed a deep elf pyromancer
  9678 | D:9      | Killed a deep elf pyromancer
  9740 | D:9      | Noticed a centaur warrior
  9751 | D:9      | Killed a centaur warrior
  9773 | D:9      | Noticed a tengu warrior
  9779 | D:9      | Noticed a fire dragon
  9785 | D:9      | Killed a tengu warrior
  9786 | D:9      | Reached XP level 11. HP: 25/83 MP: 17/17
  9798 | D:9      | Killed a fire dragon
 10070 | D:9      | Found a shadowy altar of Dithmenos.
 10132 | D:9      | Reached skill level 1 in Shields
 10148 | D:9      | Reached skill level 2 in Shields
 10180 | D:9      | Found Buischocs's Assorted Antiques.
 10374 | D:9      | Found Ydghih's General Store.
 10398 | D:9      | Found Ytaysoom's Book Shop.
 10467 | Lair:1   | Entered Level 1 of the Lair of Beasts
 10503 | Lair:1   | Reached skill level 3 in Shields
 10521 | Lair:1   | Reached skill level 4 in Shields
 10564 | Lair:1   | Noticed an eight-headed hydra
 10565 | Lair:1   | Banished an eight-headed hydra
 10604 | Lair:1   | Reached skill level 5 in Shields
 10683 | Lair:1   | Reached skill level 6 in Shields
 10771 | Lair:1   | Noticed a five-headed hydra
 10774 | Lair:1   | Banished a five-headed hydra
 10775 | Lair:1   | Reached skill level 7 in Shields
 10978 | Lair:1   | Noticed a six-headed hydra
 10979 | Lair:1   | Banished a six-headed hydra
 10980 | Lair:1   | Reached skill level 8 in Shields
 11634 | Lair:2   | HP: 1/84 [poisoned by a cane toad]
 11635 | Lair:2   | Gained mutation: You sometimes gain power by taking damage.
                  | [demonic ancestry]
 11635 | Lair:2   | Reached XP level 12. HP: 1/91 MP: 18/18
 11849 | Lair:2   | Reached skill level 9 in Shields
 12129 | Lair:2   | Identified the +4 ring mail "Fastoug" {rC+ Str+5 Int-5}
 12493 | Lair:3   | Reached skill level 10 in Shields
 12542 | Lair:3   | Paralysed by a hornet for 2 turns
 12628 | Lair:3   | Found a staircase to the Shoals.
 12641 | Lair:3   | Reached ****** piety under Lugonu
 12730 | Lair:3   | Reached skill level 11 in Shields
 13064 | Lair:3   | Found a hole to the Spider Nest.
 13624 | Lair:4   | Reached skill level 12 in Shields
 14059 | Lair:5   | Gained mutation: A demonic guardian rushes to your aid.
                  | [demonic ancestry]
 14059 | Lair:5   | Reached XP level 13. HP: 95/96 MP: 19/19
 14481 | Lair:5   | Reached skill level 13 in Shields
 14966 | Lair:6   | Entered Level 6 of the Lair of Beasts
 15188 | Lair:6   | Found a staircase to the Slime Pits.
 15324 | Lair:6   | Reached skill level 14 in Shields
 15618 | Lair:6   | Reached skill level 15 in Shields
 15841 | Lair:6   | Killed from afar by a molten gargoyle

Illustrated notes

Levels and vault maps discovered:
D:1:      giann_horns, layout_basic, minmay_misc_feat_five
D:2:      layout_basic, serial_shops, nicolae_shop_behind_doors,
          serial_co_window_serial, co_window_of_opportunity_a,
          co_window_cross_1, co_window_corner_a, co_window_paths_b,
          co_window_corner_a, co_window_broadway_b, co_window_corner_b,
          co_window_of_opportunity_b, co_window_corner_b, co_window_4corner_a,
          co_window_sun, glass_columns_a, glass_columns_c, glass_columns_a,
          glass_columns_b, glass_columns_b, chequers_ecumenical_altar_lobes,
          minmay_distorted, uniq_sigmund, uniq_jessica
D:3:      layout_loops_ring, nicolae_overflow_crystal_walls, tso_metal_star,
          uniq_terence
D:4:      layout_cave_pods, kennysheep_okawaru_gauntlet, serial_shops, shop
D:5:      layout_gridville, serial_bayou_ford_a, minmay_circle_x
D:6:      layout_gridville, minmay_temple_entry_glass
D:7:      layout_basic, serial_curves, eino_curves_02, eino_curves_03,
          eino_curves_04, eino_curves_01, nrook_mini_vaults,
          lemuel_another_geyser
D:8:      layout_basic, lemuel_coloured_pillars_altar, minitemple,
          enter_ossuary_1, serial_shops, kennysheep_mini
D:9:      layout_loops_ring, grunt_dithmenos_smoke, minmay_lair_entry_grove,
          serial_shops, kennysheep_mini_moat, nicolae_shop_trees,
          kennysheep_little_box, nicolae_shop_stone, shop,
          minmay_fractal_squares_gapless_7
Lair:1:   layout_loops_ring, beast_lair_carwin_1
Lair:2:   layout_roguey [special_room_bee], cheibrodos_lair_reptile_den
Lair:3:   layout_small_grid, minmay_shoals_entry_beasts,
          nicolae_spider_entry_non_spiders
Lair:4:   layout_cave_shapes
Lair:5:   layout_regular_city
Lair:6:   cheibrodos_lair_end_hotspot, layout_gridlike, dpeg_slime_entry_corner,
          infiniplex_staircase_pool_2

Skill      XL: |  1  2  3  4  5  6  7  8  9 10 11 12 13 |
---------------+----------------------------------------+-----
Long Blades    | 2 3 4 5 7 8 9 11 | 11.6
Invocations    | 8 |  8.0
Armour         | 2 4 |  4.8
Dodging        | 2 4 |  4.5
Fighting       | 5 6 7 |  7.2
Poison Magic   | 2 |  2.0
Spellcasting   | 2 |  2.0
Transmutations | 2 |  2.0
Air Magic      | 2 |  2.0
Shields        | 8 12 15 | 15.0

Action                   |  1- 3 |  4- 6 |  7- 9 | 10-12 | 13-15 || total
-------------------------+-------+-------+-------+-------+-------++-------
Melee: Falchion          |    62 |       |    12 |       |       ||    74
       Kick              |    11 |    24 |    86 |    51 |       ||   172
       Rapier            |    10 |   149 |   171 |       |       ||   330
       Demon blade       |       |       |   163 |   827 |   443 ||  1433
Invok: Depart the Abyss  |     1 |       |       |       |       ||     1
       Bend Space        |       |       |     1 |       |     4 ||     5
       Banish            |       |       |       |     4 |     5 ||     9
  Use: Potion            |       |     2 |     8 |     6 |       ||    16
       Scroll            |       |       |    10 |    14 |     2 ||    26
 Stab: Distracted        |       |     1 |       |     1 |     1 ||     3
       Petrifying        |       |       |       |     1 |       ||     1
Armor: Leather armour    |    21 |    46 |    46 |       |       ||   113
       Steam dragon scal |       |       |    62 |   223 |   149 ||   434
       Skin              |       |       |       |    23 |       ||    23
Dodge: Dodged            |    66 |    99 |   214 |   317 |   189 ||   885
       Repelled          |       |       |       |     3 |     2 ||     5
Block: Kite shield       |       |       |       |   381 |   355 ||   736
       Rpst.: Falchion   |    13 |       |       |       |       ||    13
       Demon blade       |       |       |    36 |    92 |    40 ||   168

Table legend: (Time is in decaauts)
 A = Elapsed time spent in this place.
 B = Non-inter-level travel time spent in this place.
 C = Inter-level travel time spent in this place.
 D = Time resting spent in this place.
 E = Time spent auto-exploring this place.
 F = Levels seen in this place.
 G = Mean time per level.
                   A        B        C        D        E       F      G
               +--------+--------+--------+--------+--------+-----+--------+
         Total |  15614 |  14724 |    890 |    117 |  11713 |  18 |  867.4 |
       Dungeon |  10188 |   9508 |    680 |     45 |   8011 |   9 | 1132.0 |
          Lair |   5176 |   4966 |    210 |     72 |   3552 |   6 |  862.7 |
         Abyss |     29 |     29 |      0 |      0 |      4 |   2 |   14.5 |
       Ossuary |    219 |    219 |      0 |      0 |    145 |   1 |  219.0 |
               +--------+--------+--------+--------+--------+-----+--------+

Top non-repeatable levels by time:
     D:2: 1666 daAuts
     D:4: 1576 daAuts
     D:5: 1322 daAuts
     D:8: 1160 daAuts
  Lair:5: 1133 daAuts
     D:9: 1131 daAuts
  Lair:1: 1096 daAuts
  Lair:3: 1004 daAuts
     D:1: 929 daAuts
     D:6: 832 daAuts
  Lair:2: 824 daAuts
     D:3: 809 daAuts
     D:7: 761 daAuts
  Lair:6: 591 daAuts
  Lair:4: 526 daAuts
